 Dungeon Crawl Stone Soup version 0.30-a0-989-g0d87f670db (webtiles) character file.

Game seed: 5007488306274613631

17706 Pimp the Fighter (level 12, -7/97 HPs)
             Began as a Barachi Fighter on Apr 3, 2023.
             Was a High Priest of Cheibriados.
             Mangled by a five-headed hydra (11 damage)
             ... on level 13 of the Dungeon.
             The game lasted 00:43:20 (14808 turns).

Pimp the Fighter (Barachi Fighter)                 Turns: 14808, Time: 00:43:21

Health: -7/97      AC: 16    Str: 36    XL:     12   Next: 50%
Magic:  19/22      EV: 17    Int: 30    God:    Cheibriados [*****.]
Gold:   728        SH:  8    Dex: 25    Spells: 15/25 levels left

rFire   . . .      SeeInvis .    N - +0 long sword (flame)
rCold   + . .      Faith    .    c - +0 buckler
rNeg    . . .      Spirit   .    L - +2 steam dragon scales
rPois   .          Reflect  .    n - +0 helmet
rElec   .          Rampage  .    D - +0 cloak
rCorr   .                        (no gloves)
Will    .....                    v - +3 pair of mountain boots {steadfast, rC+}
Stlth   ++                       (no amulet)
HPRegen 0.36/turn                g - +6 ring of strength
MPRegen 0.18/turn                E - +6 ring of intelligence

@: unable to hop, very slow
A: amphibious, slowness 1, strong legs 1, +LOS
a: Hop, Renounce Religion, Bend Time, Temporal Distortion, Slouch, Step From
Time


You were on level 13 of the Dungeon.
You worshipped Cheibriados.
Cheibriados was extremely pleased with you.
You visited 2 branches of the dungeon, and saw 14 of its levels.
You also visited: Ossuary.

You collected 757 gold pieces.
You spent 29 gold pieces at shops.

Inventory:

Hand Weapons
 a - a +1 long sword of draining
 N - a +0 long sword of flaming (weapon)
Missiles
 i - 2 throwing nets
 p - 2 atropa-tipped darts
Armour
 b - a +2 scale mail
 c - a +0 buckler (worn)
 n - a +0 helmet (worn)
 v - the +3 pair of mountain boots (worn) {steadfast, rC+}
   (You acquired it on level 4 of the Dungeon)

   Steadfast: It prevents involuntary movement, except for blinking,
   teleportation, or banishment.
   rC:        It protects you from cold.
 z - a +2 leather armour of cold resistance
 D - a +0 cloak (worn)
 L - +2 steam dragon scales (worn)
 O - +0 acid dragon scales
 Q - a +0 troll leather armour
Magical Staves
 l - a staff of cold
Jewellery
 e - a +6 ring of strength
 g - a +6 ring of strength (left hand)
 j - a ring of magical power
 E - a +6 ring of intelligence (right hand)
 F - a +4 ring of protection
 P - a ring of positive energy
 T - a ring of positive energy
 V - a ring of flight
 W - a ring of magical power
Wands
 q - a wand of digging (10)
 s - a wand of flame (25) (quivered)
 u - a wand of mindburst (5)
 x - a wand of polymorph (2)
Scrolls
 m - 8 scrolls of identify
 r - 5 scrolls of poison
 y - a scroll of brand weapon
 A - 3 scrolls of immolation
 I - 2 scrolls of magic mapping
 M - 2 scrolls of amnesia
Potions
 f - 7 potions of haste
 k - a potion of degeneration
 o - 9 potions of brilliance
 t - a potion of experience {unknown}
 w - a potion of mutation {unknown}
 B - a potion of flight
 C - a potion of attraction {unknown}
 G - a potion of berserk rage {unknown}
 H - 3 potions of might
 J - 2 potions of cancellation {unknown}
 K - 3 potions of lignification {unknown}
 R - 2 potions of heal wounds
 S - a potion of curing
 U - 2 potions of magic {unknown}


   Skills:
 + Level 9.8 Fighting
 + Level 9.3 Long Blades
 + Level 9.8 Armour
 + Level 6.9 Dodging
 + Level 9.0 Shields
 + Level 7.0 Spellcasting
 - Level 4.5 Conjurations
 - Level 4.5 Fire Magic
 - Level 4.1 Ice Magic
 * Level 7.4 Poison Magic


You had 15 spell levels left.
You knew the following spells:

 Your Spells              Type           Power      Damage    Failure   Level
a - Scorch                Fire           74%        2d9       1%          2
b - Flame Wave            Conj/Fire      37%        2d10      9%          4
c - Olgreb's Toxic Radia  Pois           53%        N/A       2%          4

Your spell library contained the following spells:

 Spells                   Type           Power      Damage    Failure   Level
 Foxfire                  Conj/Fire      100%       2x1d6     1%          1
 Ensorcelled Hibernation  Hex/Ice        44%        N/A       3%          2
 Inner Flame              Hex/Fire       24%        N/A       7%          3
 Lesser Beckoning         Tloc           20%        N/A       9%          2
 Passwall                 Tmut/Erth      8%         N/A       9%          2
 Sticky Flame             Conj/Fire      37%        2d6       9%          4
 Call Canine Familiar     Summ           10%        N/A       17%         3
 Gell's Gravitas          Tloc           10%        N/A       17%         3
 Portal Projectile        Hex/Tloc       20%        N/A       17%         3
 Swiftness                Air            10%        N/A       17%         3
 Teleport Other           Tloc           10%        N/A       17%         3
 Fireball                 Conj/Fire      18%        3d9       26%         5
 Cause Fear               Hex            5%         N/A       50%         4
 Leda's Liquefaction      Hex/Erth       5%         N/A       50%         4
 Starburst                Conj/Fire      18%        6d7       80%         6
 Lee's Rapid Deconstruct  Erth           5%         3d6*      85%         5
 Statue Form              Tmut/Erth      6%         N/A       100%        6
 Summon Cactus Giant      Summ           5%         N/A       100%        6
 Ozocubu's Refrigeration  Ice            17%        4d11      100%        7
 Discord                  Hex            5%         N/A       100%        8
 Ignition                 Fire           18%        3d7       100%        8


Dungeon Overview and Level Annotations

Branches:
Dungeon (13/15)            Temple (1/1) D:4            Lair (0/5) D:11
    Orc (0/2) D:9         Ossuary (visited)
 Vaults: D:13-14

Altars:
Ashenzari
Cheibriados
Dithmenos
Elyvilon
Fedhas
Gozag
Hepliaklqana
Kikubaaqudgha
Makhleb
Nemelex Xobeh
Okawaru
Qazlal
Ru
Sif Muna
Trog
Uskayaw
Vehumet
Wu Jian
Xom
Yredelemnul
Zin
The Shining One

Shops:
D:1 ?   D:2 *==!   D:3 [   D:8 (   D:11 :


Innate Abilities, Weirdness & Mutations

You are amphibious.
You cover ground slowly.
You can hop short distances.
You have an extended range of vision and can be seen from far away.


Message History

The six-headed hydra bites you.
* * * LOW HITPOINT WARNING * * *
The six-headed hydra bites you!
* * * LOW HITPOINT WARNING * * *
The six-headed hydra misses you. The six-headed hydra bites you!
* * * LOW HITPOINT WARNING * * *
The six-headed hydra completely misses you.
The six-headed hydra misses you. The cyan ugly thing barely misses you.
Okay, then.
Hop to where?
Press: ? - help, Dir - move target
Found a scroll labelled WEVOEH VESTEA.
Found a stone staircase leading up.
Boing!
The centaur warrior shoots an arrow.
The arrow hits you.
* * * LOW HITPOINT WARNING * * *
The centaur warrior shoots an arrow.
The arrow misses you.
As you read the scroll of fog, it crumbles to dust.
The scroll dissolves into smoke.
The tengu conjurer casts a spell.
The tengu conjurer conjures a globe of magical energy!
A battlesphere comes into view.
You lop one of the six-headed hydra's heads off!
The flame cauterises the wound!
You slash the five-headed hydra! You burn the five-headed hydra.
The five-headed hydra is moderately wounded.
You block the five-headed hydra's attack. x3
The five-headed hydra closely misses you.
The five-headed hydra bites you but does no damage.
The battlesphere moves out of view.
Okay, then.
Casting: Olgreb's Toxic Radiance (dangerous; 2% risk of failure)
Confirm with . or Enter, or press ? or * to list all spells.
Okay, then.
The flow of time bends around you.
The five-headed hydra easily resists.
The tengu conjurer resists with some effort.
The five-headed hydra bites you.
* * * LOW HITPOINT WARNING * * *
The five-headed hydra closely misses you.
You block the five-headed hydra's attack.
The five-headed hydra bites you!
You die...

##......#####....##..## ..
..............#........?###.##
#.##.....#....#.#/..§#.......
#.##............#..§§§#...#.#
#.##..(....##..###.§§§§.....##
..##......###..##§.§§§§.§.....
...............#.*u§u§§.§....#
#.##...........#§Q§§......##..
#.##†......##..§@D§§....§.#
.<............§§§§c§......#
##†####.##....§§§§§§.>>...#
........................c...
##.#........................Q
.......########.............
#......# #.......... #..#...#
#.......... #..#...#
#......<..?


You could see a five-headed hydra, a cyan ugly thing (drained), a centaur
warrior, a tengu conjurer and a battlesphere (distracted).

Vanquished Creatures
  Josephine (D:11)
  Erolcha (D:9)
  A hydra (D:12)
  2 two-headed ogres
  Pikel (D:6)
  The ghost of cforsyth the Cudgeller, a novice FoFi (D:4)
  A deep elf pyromancer (D:12)
  An ugly thing (D:13)
  A cyclops (D:11)
  2 manticores
  Maurice (D:8)
  3 slime creatures (D:12)
  A gargoyle (D:11)
  Maggie (D:9)
  A komodo dragon (D:11)
  3 unseen horrors (D:12)
  5 trolls
  Grinder (D:4)
  Prince Ribbit (D:8)
  Sigmund (D:2)
  6 wraiths
  2 wyverns
  A shadow (D:10)
  8 yaks (D:9)
  A steam dragon (D:8)
  Eustachio (D:4)
  3 acid dragons
  Duvessa (D:6)
  7 orc warriors
  3 black bears
  2 ice beasts
  9 centaurs
  A phantom (D:5)
  7 elf zombies
  Blork the orc (D:6)
  A bullfrog (D:7)
  A kobold brigand (D:10)
  A gnoll sergeant (D:8)
  An elf skeleton (D:8)
  4 wights (D:8)
  Dowan (D:6)
  3 killer bees (D:10)
  2 howler monkeys
  3 centaur zombies (Ossuary)
  A jelly (D:7)
  A gnoll bouda (D:7)
  2 hounds
  8 orc priests
  2 human skeletons (D:8)
  3 iguanas
  Terence (D:3)
  2 sleepcaps
  Jessica (D:3)
  10 orc wizards
  2 mummies (Ossuary)
  Robin (D:2)
  6 adders
  12 gnolls
  3 shadow imps
  4 white imps
  2 adder zombies (Ossuary)
  A worm (D:2)
  2 dart slugs
  37 orcs
  6 endoplasms
  3 giant cockroaches
  11 goblins
  14 hobgoblins
  10 jackals
  6 kobolds
  3 quokkas
  7 ball pythons
  8 bats
  2 frilled lizards
  A goblin zombie (Ossuary)
  9 hobgoblin zombies (Ossuary)
  A jackal zombie (Ossuary)
  6 kobold zombies (Ossuary)
  10 orc zombies (Ossuary)
  9 rats
  A rat zombie (Ossuary)
308 creatures vanquished.

Vanquished Creatures (others)
  3 plants (D:11)
3 creatures vanquished.

Grand Total: 311 creatures vanquished

Notes
Turn   | Place    | Note
-------+----------+-------------------------------------------
     0 | D:1      | Pimp the Barachi Fighter began the quest for the Orb.
     0 | D:1      | Reached XP level 1. HP: 18/18 MP: 1/1
    35 | D:1      | Found Ibanezaa's Magic Scroll Shoppe.
   128 | D:1      | Reached XP level 2. HP: 25/25 MP: 2/2
   457 | D:1      | Reached XP level 3. HP: 21/30 MP: 3/3
   768 | D:2      | Found Ujicia's Distillery.
   842 | D:2      | Noticed Sigmund
   892 | D:2      | Found Katen's Jewellery Emporium.
   900 | D:2      | Killed Sigmund
   901 | D:2      | Reached XP level 4. HP: 17/38 MP: 4/4
   901 | D:2      | Reached XP level 5. HP: 19/43 MP: 5/5
  1168 | D:2      | Found Xoral's Assorted Antiques.
  1171 | D:2      | Bought a scroll labelled AJOGUG WARROESO for 29 gold pieces
  1444 | D:2      | Noticed Robin
  1466 | D:2      | Killed Robin
  1467 | D:2      | Reached skill level 5 in Fighting
  1551 | D:2      | Found Zunaymam's Jewellery Boutique.
  1600 | D:2      | Reached XP level 6. HP: 51/51 MP: 6/6
  1791 | D:3      | Noticed Terence
  1800 | D:2      | Reached skill level 5 in Armour
  1914 | D:3      | Killed Terence
  2243 | D:3      | Found Teidam's Armour Shoppe.
  2243 | D:3      | Noticed Jessica
  2251 | D:3      | Killed Jessica
  2252 | D:3      | Reached skill level 1 in Ice Magic
  2361 | D:3      | Found a radiant altar of Vehumet.
  2374 | D:3      | Found a burning altar of Makhleb.
  2701 | D:3      | Found a glowing golden altar of the Shining One.
  2713 | D:3      | Found a white marble altar of Elyvilon.
  3039 | D:4      | Noticed Eustachio
  3041 | D:4      | Identified a scroll of acquirement
  3041 | D:4      | Acquired the +3 pair of mountain boots {steadfast, rC+}
  3041 | D:4      | Found the +3 pair of mountain boots {steadfast, rC+}
  3048 | D:4      | Found a staircase to the Ecumenical Temple.
  3059 | Temple   | Entered the Ecumenical Temple
  3293 | D:4      | Noticed Grinder
  3296 | D:4      | Killed Eustachio
  3297 | D:4      | Reached skill level 1 in Spellcasting
  3297 | D:4      | Reached XP level 7. HP: 32/56 MP: 8/8
  3428 | D:4      | Paralysed by Grinder for 3 turns
  3452 | D:4      | Paralysed by Grinder for 4 turns
  3454 | D:4      | Killed Grinder
  3455 | D:4      | Reached skill level 5 in Shields
  3685 | D:4      | Reached skill level 5 in Long Blades
  3831 | D:4      | Learned a level 2 spell: Scorch
  3836 | D:4      | Learned a level 4 spell: Flame Wave
  3942 | D:4      | Reached XP level 8. HP: 64/64 MP: 11/11
  3960 | D:4      | Found a runed translucent door.
  3963 | D:4      | Noticed cforsyth's ghost (novice FoFi)
  3986 | D:4      | Killed cforsyth's ghost
  3987 | D:4      | Reached skill level 1 in Dodging
  3987 | D:4      | Reached skill level 1 in Conjurations
  3987 | D:4      | Reached skill level 1 in Fire Magic
  4196 | D:5      | Entered Level 5 of the Dungeon
  4915 | D:6      | Noticed Duvessa
  4915 | D:6      | Noticed Dowan
  4932 | D:6      | Killed Duvessa
  4933 | D:6      | Reached XP level 9. HP: 62/71 MP: 13/13
  4945 | D:6      | Killed Dowan
  5147 | D:6      | Found a blossoming altar of Fedhas.
  5147 | D:6      | Noticed Blork the orc
  5148 | D:6      | Found a shimmering blue altar of Sif Muna.
  5148 | D:6      | Found a stormy altar of Qazlal.
  5164 | D:6      | Killed Blork the orc
  5165 | D:6      | Found a snail-covered altar of Cheibriados.
  5167 | D:6      | Found a sacrificial altar of Ru.
  5174 | D:6      | Became a worshipper of Cheibriados the Contemplative
  5312 | D:6      | Noticed Pikel
  5334 | D:6      | Killed Pikel
  5900 | D:7      | HP: 3/72 [gnoll/+0 halberd[a gnoll bouda] (4)]
  6291 | D:7      | Reached * piety under Cheibriados
  6906 | D:8      | Reached XP level 10. HP: 50/79 MP: 16/16
  6921 | D:8      | Found a sand-covered staircase.
  6958 | Ossuary  | Entered an ossuary
  7099 | Ossuary  | Reached ** piety under Cheibriados
  7705 | D:8      | Reached *** piety under Cheibriados
  8213 | D:8      | Noticed Maurice
  8248 | D:8      | Killed Maurice
  8557 | D:8      | Learned a level 4 spell: Olgreb's Toxic Radiance
  8586 | D:8      | Noticed Prince Ribbit
  8611 | D:8      | Killed Prince Ribbit
  8612 | D:8      | Reached skill level 5 in Spellcasting
  8768 | D:8      | Found Jadun's Weapon Emporium.
  8875 | D:9      | Reached skill level 1 in Poison Magic
  8892 | D:9      | Reached **** piety under Cheibriados
  9088 | D:8      | Reached skill level 5 in Dodging
  9299 | D:9      | Noticed Maggie
  9314 | D:9      | Killed Maggie
  9315 | D:9      | Reached XP level 11. HP: 78/86 MP: 19/19
  9388 | D:9      | Noticed Erolcha
  9417 | D:9      | Killed Erolcha
 10323 | D:9      | Found a staircase to the Orcish Mines.
 10450 | D:10     | Entered Level 10 of the Dungeon
 10746 | D:10     | Reached ***** piety under Cheibriados
 11223 | D:10     | Noticed a two-headed ogre
 11237 | D:10     | Killed a two-headed ogre
 11238 | D:10     | Reached skill level 5 in Poison Magic
 11661 | D:11     | Found Qamaeq's Book Emporium.
 11752 | D:11     | Noticed a cyclops
 11761 | D:11     | Killed a cyclops
 11905 | D:11     | Noticed Josephine
 11925 | D:11     | Killed Josephine
 12137 | D:11     | Noticed a manticore
 12143 | D:11     | Killed a manticore
 12472 | D:11     | Found a staircase to the Lair.
 12495 | D:11     | Reached XP level 12. HP: 70/95 MP: 21/21
 12975 | D:12     | Noticed a seven-headed hydra
 12975 | D:12     | Found a bloodstained altar of Trog.
 12989 | D:12     | Killed a one-headed hydra
 14013 | D:12     | Noticed a two-headed ogre
 14024 | D:12     | Killed a two-headed ogre
 14796 | D:13     | Noticed a seven-headed hydra
 14799 | D:13     | Noticed a centaur warrior
 14800 | D:13     | Acquired Nutevick's Essays on Energy
 14804 | D:13     | HP: 3/97 [centaur warrior/arrow (4)]
 14808 | D:13     | Mangled by a five-headed hydra

Illustrated notes

Levels and vault maps discovered:
D:1:      psy_arrival_basics, layout_rooms, serial_shops,
          nicolae_shop_hallway_plus, minivault_4
D:2:      layout_loops_ring, serial_shops, nicolae_shop_behind_doors, shop,
          shop_fountains, nicolae_shop_advertising_works
          [nicolae_subvault_shop_adworks], uniq_robin, uniq_sigmund
D:3:      layout_basic, nicolae_overflow_quartered_altars, serial_shops, shop,
          uniq_terence, uniq_jessica
D:4:      layout_basic, minmay_temple_entry_offerings,
          ebering_ghost_reflecting_pool, uniq_eustachio, uniq_grinder
D:5:      layout_rooms, grunt_decor_mini_mirrors, minmay_misc_feat_ornament
D:6:      layout_basic, grunt_temple_overflow_open, minmay_misc_feat_square,
          uniq_duvessa, uniq_pikel, uniq_blork_the_orc
D:7:      layout_rooms
D:8:      layout_cave_pools, nicolae_ossuary_entry_catacombs, serial_shops,
          shop, minmay_orc_keep, uniq_prince_ribbit1, uniq_maurice
D:9:      layout_loops_ring, orc_0_dummy, uniq_maggie, uniq_erolcha
D:10:     layout_irregular_city, hangedman_decor_diamond_cutter
D:11:     layout_irregular_city, david_lair_shrubbed, serial_shops, shop,
          uniq_josephine
D:12:     layout_basic, bloody_trog
D:13:     minmay_expanding_squares, layout_rooms, ximxim_vaults_locker_room,
          nzn_life_drinkers
Temple:   hellmonk_temple_forest_ring

Skill      XL: |  1  2  3  4  5  6  7  8  9 10 11 12 |
---------------+-------------------------------------+-----
Fighting       | 4 5 6 7 8 9 |  9.8
Armour         | 4 5 6 7 8 9 |  9.8
Long Blades    | 4 5 6 7 8 9 |  9.3
Shields        | 4 5 6 7 8 9 |  9.0
Ice Magic      | 1 2 3 4 |  4.1
Spellcasting   | 1 2 3 4 5 6 7 |  7.0
Dodging        | 2 3 5 6 |  6.9
Conjurations   | 2 3 4 |  4.5
Fire Magic     | 2 3 4 |  4.5
Poison Magic   | 3 6 7 |  7.4

Action                     |  1- 3 |  4- 6 |  7- 9 | 10-12 || total
---------------------------+-------+-------+-------+-------++-------
  Melee: Long sword        |    92 |   167 |   369 |   901 ||  1529
   Cast: Scorch            |       |       |       |     5 ||     5
         Olgreb's Toxic Ra |       |       |       |    13 ||    13
 Invoke: Bend Time         |       |       |       |     1 ||     1
Ability: Hop               |       |       |       |     1 ||     1
  Evoke: Wand              |       |       |     7 |       ||     7
    Use: Potion            |     1 |       |    10 |     7 ||    18
         Scroll            |       |     8 |     4 |    19 ||    31
   Stab: Sleeping          |       |       |       |     3 ||     3
 Armour: Scale mail        |    52 |   105 |     4 |       ||   161
         Leather armour    |       |       |   176 |   190 ||   366
         Steam dragon scal |       |       |       |   189 ||   189
         Acid dragon scale |       |       |       |    30 ||    30
  Dodge: Dodged            |    67 |    96 |   251 |   674 ||  1088
  Block: Buckler           |    23 |    47 |   102 |   307 ||   479

Table legend: (Time is in decaauts)
 A = Elapsed time spent in this place.
 B = Non-inter-level travel time spent in this place.
 C = Inter-level travel time spent in this place.
 D = Time resting spent in this place.
 E = Time spent auto-exploring this place.
 F = Levels seen in this place.
 G = Mean time per level.
                   A        B        C        D        E       F      G
               +--------+--------+--------+--------+--------+-----+--------+
         Total |  19772 |  18903 |    869 |   3172 |  11410 |  15 | 1318.1 |
       Dungeon |  18760 |  17942 |    818 |   2849 |  11116 |  13 | 1443.1 |
        Temple |    326 |    275 |     51 |    116 |    142 |   1 |  326.0 |
       Ossuary |    685 |    685 |      0 |    207 |    151 |   1 |  685.0 |
               +--------+--------+--------+--------+--------+-----+--------+

Top non-repeatable levels by time:
    D:11: 2487 daAuts
     D:8: 2268 daAuts
    D:12: 2255 daAuts
     D:9: 2043 daAuts
    D:10: 1850 daAuts
     D:2: 1346 daAuts
     D:4: 1333 daAuts
     D:7: 1181 daAuts
     D:6: 1176 daAuts
     D:3: 1004 daAuts
     D:1: 821 daAuts
     D:5: 811 daAuts
 Ossuary: 685 daAuts
  Temple: 326 daAuts
    D:13: 179 daAuts
